 Dungeon Crawl Stone Soup version 0.20.1-1-g8b1a95d (console) character file.

137 hilaritas the Poker (level 5, -2/40 HPs)
             Began as a Merfolk Gladiator on Mar 1, 2018.
             Slain by Sigmund
             ... wielding a +0 scythe
              (12 damage)
             ... on level 3 of the Dungeon.
             The game lasted 00:07:21 (2384 turns).

hilaritas the Poker (Merfolk Gladiator)             Turns: 2384, Time: 00:07:22

Health: -2/40      AC:  5    Str: 16    XL:     5   Next: 20%
Magic:  5/5        EV: 14    Int:  7    God:
Gold:   141        SH:  0    Dex: 15    Spells: 4/4 levels left

rFire    + . .     SeeInvis .   a - +0 trident
rCold    + + .     Gourm    .   (no shield)
rNeg     . . .     Faith    .   p - +2 robe {rC+ rF+}
rPois    .         Spirit   .   c - +0 helmet
rElec    .         Reflect  .   (no cloak)
rCorr    .         Harm     .   (no gloves)
MR       .....                  (no boots)
Stlth    ++........             (no amulet)
Regen    0.2/turn               k - ring of stealth
MPRegen  0.1/turn               m - ring of protection from cold

@: no status effects
A: change form in water, swift swim, stealthy swim
a: no special abilities


You were on level 3 of the Dungeon.
You were not hungry.

You visited 1 branch of the dungeon, and saw 3 of its levels.

You collected 141 gold pieces.

Inventory:

Hand Weapons
 a - a +0 trident (weapon)
Missiles
 d - 3 throwing nets (quivered)
Armour
 c - a +0 helmet (worn)
 p - a +2 robe of resistance (worn)
Jewellery
 k - a ring of stealth (left hand)
 m - a ring of protection from cold (right hand)
Wands
 o - a wand of paralysis (17/24)
Scrolls
 e - a scroll of magic mapping
 i - 5 scrolls of teleportation
 l - a scroll of amnesia
Potions
 h - 4 potions of flight
 j - 2 potions of curing
 q - a potion of agility {unknown}
Comestibles
 f - 3 bread rations
 g - 4 fruits


   Skills:
 + Level 2.8 Fighting
 * Level 7.9 Polearms
 - Level 2.0 Throwing
 - Level 4.0 Dodging


You had 4 spell levels left.
You didn't know any spells.

Dungeon Overview and Level Annotations

Branches:
Dungeon (3/15)

Altars:
Yredelemnul

Annotations:
D:3 Sigmund


Message History

You barely miss something. Something barely misses you.
You closely miss something. You hit something. Something hits you.
You barely miss something. Something hits you!
* * * LOW HITPOINT WARNING * * *
You feel much better.
You hit something but do no damage. Something hits you!
You closely miss something. You closely miss something. Something hits you!
* * * LOW HITPOINT WARNING * * *
You feel much better. Something hits you but does no damage.
You hit something but do no damage. You hit something. Something hits you!
You miss something. Something hits you!
You hit something. You hit something. Something hits you.
You hit something but do no damage. You hit something.
Something hits you but does no damage.
You miss something. Something hits you!
You die...

### #.. ##.# ......
##.<# ..... #..##
.... #.## ##... #.###
#...# # #.#.. #...##
#. ##....
#{...####.###.....
#@.# .......#)....
#..# .............
#..#..###...#.####
#..#.# #......## #
####....###.#.##..###
#....................
##.#...######.##...#.
#......# #.##.#...
##....#.### #........
#.....#...###........
#.##..###.##..#......


There were no monsters in sight!

Vanquished Creatures
  Jessica (D:3)
  Terence (D:3)
  4 adders
  A dart slug (D:3)
  4 leopard geckos
  2 bats
  A giant cockroach (D:1)
  10 goblins
  3 hobgoblins
  A quokka (D:3)
  A ball python (D:1)
  6 frilled lizards
  4 kobolds
  10 rats
49 creatures vanquished.

Notes
Turn   | Place    | Note
-------+----------+-------------------------------------------
     0 | D:1      | hilaritas the Merfolk Gladiator began the quest for the Orb.
     0 | D:1      | Reached XP level 1. HP: 16/16 MP: 1/1
   249 | D:1      | Reached XP level 2. HP: 23/23 MP: 2/2
   305 | D:1      | Reached skill level 5 in Polearms
   929 | D:2      | Reached XP level 3. HP: 28/28 MP: 3/3
  1182 | D:2      | Reached skill level 6 in Polearms
  1697 | D:3      | Noticed Jessica
  1712 | D:3      | Killed Jessica
  1712 | D:3      | Reached XP level 4. HP: 17/34 MP: 4/4
  1896 | D:3      | Reached skill level 7 in Polearms
  2114 | D:3      | Found a basalt altar of Yredelemnul.
  2201 | D:3      | Noticed Terence
  2216 | D:3      | Killed Terence
  2216 | D:3      | Reached XP level 5. HP: 29/40 MP: 5/5
  2351 | D:3      | Noticed Sigmund
  2375 | D:3      | HP: 2/40 [something (11)]
  2384 | D:3      | Slain by Sigmund

Skill      XL: |  1  2  3  4 |
---------------+-------------+-----
Polearms       | 5 6 7 |  7.9
Fighting       | |  2.8
Throwing       | |  2.0
Dodging        | |  4.0

Action                   |  1- 3 |  4- 6 || total
-------------------------+-------+-------++-------
Melee: Trident           |    88 |    86 ||   174
  Use: Scroll            |     7 |     2 ||     9
       Potion            |       |     4 ||     4
 Stab: Sleeping          |     7 |     1 ||     8
       Distracted        |       |     1 ||     1
  Eat: Chunk             |     2 |     3 ||     5
Armor: Leather armour    |    13 |     1 ||    14
       Robe              |       |     5 ||     5
Dodge: Dodged            |    38 |    27 ||    65
